 Dungeon Crawl Stone Soup version 0.28-a0-1117-g0bdd5ba030 (webtiles) character file.

Game seed: 7654701273124738959

2201 SensoryNuts the Twirler (level 9, -4/65 HPs)
             Began as a Demonspawn Gladiator on Dec 11, 2021.
             Was a Priest of Cheibriados.
             Killed from afar by a steam dragon (16 damage)
             ... with a ball of steam
             ... on level 6 of the Dungeon.
             The game lasted 00:08:27 (5411 turns).

SensoryNuts the Twirler (Demonspawn Gladiator)      Turns: 5411, Time: 00:08:29

Health: -4/65      AC: 12    Str: 30    XL:     9   Next: 12%
Magic:  9/9        EV: 13    Int: 16    God:    Cheibriados [***...]
Gold:   564        SH:  0    Dex: 22    Spells: 8/8 levels left

rFire   . . .      SeeInvis .   p - +3 flail (vorpal)
rCold   . . .      Faith    .   (no shield)
rNeg    . . .      Spirit   .   e - +0 scale mail
rPois   .          Reflect  .   (helmet restricted)
rElec   .          Harm     .   r - scarf {repulsion}
rCorr   +          Rampage  .   (no gloves)
Will    .....                   (no boots)
Stlth   +.........              (no amulet)
HPRegen 0.20/turn               f - +6 ring of strength
MPRegen 0.11/turn               (no ring)

@: repel missiles, very slow
A: horns 1, yellow scales 3, powered by death 1, shaggy fur 1, weak 1, wild
magic 1
a: Renounce Religion, Bend Time, Temporal Distortion


You were on level 6 of the Dungeon.
You worshipped Cheibriados.
Cheibriados was most pleased with you.
You visited 2 branches of the dungeon, and saw 8 of its levels.

You collected 564 gold pieces.

Inventory:

Hand Weapons
 a - a +0 quarterstaff
 p - a +3 vorpal flail (weapon)
Missiles
 d - 3 throwing nets (quivered)
Armour
 b - a +0 leather armour
 c - a +0 helmet
 e - a +0 scale mail (worn)
 r - a scarf of repulsion (worn)
Jewellery
 f - a +6 ring of strength (left hand)
 h - a ring of magical power
Scrolls
 i - 2 scrolls of teleportation
 n - 3 scrolls of identify
 q - a scroll of enchant weapon {unknown}
Potions
 g - a potion of attraction
 j - 2 potions of flight
 k - a potion of haste
 l - a potion of curing


   Skills:
 + Level 4.3 Fighting
 + Level 1.7(4.9) Maces & Flails
 + Level 7.3(7.5) Staves
 + Level 1.9 Throwing
 + Level 5.7 Armour
 + Level 4.7 Dodging
 + Level 2.7 Stealth


You had 8 spell levels left.
You didn't know any spells.
Your spell library contained the following spells:

 Spells                   Type           Power      Damage    Failure   Level
 Malign Gateway           Summ/Tloc      0%         N/A       100%        7
 Summon Horrible Things   Summ           0%         N/A       100%        8


Dungeon Overview and Level Annotations

Branches:
Dungeon (7/15)             Temple (1/1) D:5

Altars:
Cheibriados
Dithmenos
Elyvilon
Fedhas
Gozag
Hepliaklqana
Kikubaaqudgha
Makhleb
Nemelex Xobeh
Okawaru
Qazlal
Ru
Sif Muna
Trog
Uskayaw
Vehumet
Wu Jian
Xom
Yredelemnul
Zin
The Shining One

Shops:
D:3 [


Innate Abilities, Weirdness & Mutations

You have a pair of small horns on your head.
You are completely covered in yellow scales. (AC +4, rCorr)
You regenerate a little health from kills.
You are covered in fur. (AC +1)
You are weak. (Str -2)
Your spells are a little harder to cast, but a little more powerful.


Message History

The steam dragon breathes steam at you.
The ball of steam hits the gnoll!
The gnoll dies!
The ball of steam hits you! The gnoll sergeant barely misses you.
The gnoll closely misses you. The gnoll sergeant misses you.
The gnoll hits you but does no damage.
The gnoll sergeant is engulfed in a cloud of scalding steam.
The gnoll sergeant hits you but does no damage.
The gnoll sergeant is engulfed in a cloud of scalding steam.
The gnoll sergeant closely misses you.
You are engulfed in a cloud of scalding steam.
The steam dragon breathes steam at you. The ball of steam misses you.
The gnoll closely misses you.
You hear an angry hiss.
The gnoll is engulfed in a cloud of scalding steam.
The steam dragon bites you but does no damage.
The steam dragon barely misses you. The gnoll sergeant closely misses you.
An adder comes into view.
The adder hisses angrily.
The steam dragon breathes steam at you.
The ball of steam hits you but does no damage.
The gnoll hits you from afar with a +0 halberd.
The gnoll sergeant hits you but does no damage.
You hear a shout!
The gnoll misses you. The steam dragon closely misses you.
The steam dragon barely misses you.
The gnoll drinks a potion.
The gnoll is healed!
The gnoll sergeant hits you but does no damage.
The gnoll barely misses you. The steam dragon barely misses you.
The steam dragon claws you but does no damage.
The adder bites you but does no damage. The gnoll hits you but does no damage.
The adder barely misses you. The gnoll sergeant closely misses you.
The adder barely misses you. The gnoll barely misses you.
The steam dragon breathes steam at you. The ball of steam hits you!
* * * LOW HITPOINT WARNING * * *
The adder misses you. The gnoll completely misses you.
The steam dragon breathes steam at you. The ball of steam hits you!
You die...

.....##...###..#...........#
......##...##.)............#
......##. ..#.#...........#
...).$... ..............##
......##. ......).)...##..≈≈
...#.## ........#g....#.≈ .
....## .....#.##g....#
.....#.#Sg§...#
#...§§@§D....#
..........§...#
....$.#.......#
.....##..###### ........##
......... .........
.........


You could see a steam dragon (catching breath), a gnoll sergeant, 2 gnolls and
an adder.

Vanquished Creatures
  Prince Ribbit (D:5)
  Menkaure (D:6)
  Edmund (D:5)
  2 ice beasts
  A necrophage (D:4)
  2 black bears
  2 centaurs
  3 phantoms
  2 bullfrogs
  3 scorpions (D:4)
  A centaur zombie (D:4)
  A bullfrog zombie (D:6)
  4 hounds
  A centaur skeleton (D:5)
  5 jellies
  3 iguanas (D:4)
  A bullfrog skeleton (D:6)
  A hound zombie (D:5)
  A gnoll (D:4)
  6 adders
  An adder skeleton (D:5)
  3 dart slugs
  2 orcs (D:4)
  2 bats
  5 endoplasms
  2 giant cockroaches
  10 goblins
  9 hobgoblins
  3 jackals (D:2)
  7 kobolds
  3 quokkas
  7 ball pythons
  6 frilled lizards
  2 rats
104 creatures vanquished.

Vanquished Creatures (others)
  2 gnolls (D:6)
  A plant (D:2)
3 creatures vanquished.

Grand Total: 107 creatures vanquished

Notes
Turn   | Place    | Note
-------+----------+-------------------------------------------
     0 | D:1      | SensoryNuts the Demonspawn Gladiator began the quest for
                  | the Orb.
     0 | D:1      | Reached XP level 1. HP: 16/16 MP: 1/1
   209 | D:1      | Reached skill level 3 in Staves
   270 | D:1      | Gained mutation: You are partially covered in yellow
                  | scales. (AC +2) [demonic ancestry]
   270 | D:1      | Reached XP level 2. HP: 22/22 MP: 2/2
   994 | D:2      | Gained mutation: You are mostly covered in yellow scales.
                  | (AC +3) [demonic ancestry]
   994 | D:2      | Reached XP level 3. HP: 27/27 MP: 3/3
  1333 | D:2      | Gained mutation: You are completely covered in yellow
                  | scales. (AC +4, rCorr) [demonic ancestry]
  1333 | D:2      | Reached XP level 4. HP: 22/33 MP: 4/4
  1544 | D:2      | Reached skill level 1 in Armour
  1675 | D:2      | Found a faded altar of an unknown god.
  1819 | D:2      | Prayed at the altar of an unknown god.
  1819 | D:2      | Became a worshipper of Cheibriados the Contemplative
  1819 | D:2      | Reached * piety under Cheibriados
  1929 | D:3      | Found Teoc's Armour Shop.
  1997 | D:3      | Noticed an ice beast
  2011 | D:3      | Killed an ice beast
  2012 | D:3      | Reached skill level 4 in Staves
  2012 | D:3      | Reached XP level 5. HP: 30/39 MP: 5/5
  2358 | D:4      | Gained mutation: You regenerate a little health from kills.
                  | [demonic ancestry]
  2358 | D:4      | Reached XP level 6. HP: 45/46 MP: 6/6
  2501 | D:4      | Reached skill level 5 in Staves
  2956 | D:4      | Reached ** piety under Cheibriados
  2968 | D:4      | Reached XP level 7. HP: 25/51 MP: 7/7
  3525 | D:4      | Reached skill level 1 in Stealth
  3654 | D:4      | Reached skill level 6 in Staves
  3909 | D:5      | Entered Level 5 of the Dungeon
  3922 | D:5      | Gained mutation: You have a pair of small horns on your
                  | head. [demonic ancestry]
  3922 | D:5      | Reached XP level 8. HP: 58/58 MP: 8/8
  4100 | D:5      | Found a staircase to the Ecumenical Temple.
  4145 | D:5      | Noticed Prince Ribbit
  4176 | D:5      | Killed Prince Ribbit
  4180 | Temple   | Entered the Ecumenical Temple
  4730 | D:5      | Noticed Edmund
  4745 | D:5      | Killed Edmund
  4746 | D:5      | Reached skill level 5 in Armour
  4968 | D:5      | Reached *** piety under Cheibriados
  4969 | D:5      | Reached skill level 7 in Staves
  5182 | D:6      | Noticed Menkaure
  5262 | D:6      | Reached skill level 1 in Maces & Flails
  5262 | D:6      | Reached XP level 9. HP: 26/65 MP: 9/9
  5383 | D:6      | Gained mutation: You are weak. (Str -2) [potion of
                  | mutation]
  5383 | D:6      | Gained mutation: Your spells are a little harder to cast,
                  | but a little more powerful. [potion of mutation]
  5383 | D:6      | Gained mutation: You are covered in fur. (AC +1) [potion of
                  | mutation]
  5387 | D:6      | Killed Menkaure
  5411 | D:6      | Killed from afar by a steam dragon

Illustrated notes

Levels and vault maps discovered:
D:1:      sevenhm_arrival_forest_fort_small_4, layout_loops_ring
D:2:      layout_loops_cross, shapermc_ecumenical_altar_flowoftime
D:3:      layout_rooms, serial_shops, nicolae_shop_trees, serial_bayou_pond_d
D:4:      minmay_polygon_palace, layout_basic
D:5:      layout_basic, temple_fountains, uniq_prince_ribbit1, uniq_edmund
D:6:      layout_rooms, mainiacjoe_overflow_paths, minmay_misc_feat_square,
          uniq_menkaure
D:7:      cheibrodos_wizards_tower, layout_layer_cave, uniq_joseph,
          uniq_crazy_yiuf_cottage
Temple:   compressed_dpeg_triangle_lava_temple

Skill      XL: |  1  2  3  4  5  6  7  8 |
---------------+-------------------------+-----
Staves         | 3 4 5 6 7 |  7.3
Dodging        | 3 4 |  4.7
Armour         | 1 2 4 5 |  5.7
Fighting       | 3 4 |  4.3
Stealth        | 1 2 |  2.7
Maces & Flails | 1 |  1.7
Throwing       | |  1.9

Action                   |  1- 3 |  4- 6 |  7- 9 || total
-------------------------+-------+-------+-------++-------
Melee: Quarterstaff      |    79 |   112 |   123 ||   314
       Headbutt          |       |       |    31 ||    31
       Flail             |       |       |    34 ||    34
  Use: Scroll            |       |     7 |     4 ||    11
       Potion            |       |     3 |     4 ||     7
 Stab: Distracted        |       |     1 |       ||     1
       Invisible         |       |       |     4 ||     4
Armor: Leather armour    |    31 |    24 |       ||    55
       Scale mail        |       |    28 |   106 ||   134
Dodge: Dodged            |    53 |    75 |   163 ||   291

Table legend: (Time is in decaauts)
 A = Elapsed time spent in this place.
 B = Non-inter-level travel time spent in this place.
 C = Inter-level travel time spent in this place.
 D = Time resting spent in this place.
 E = Time spent auto-exploring this place.
 F = Levels seen in this place.
 G = Mean time per level.
                   A        B        C        D        E       F      G
               +--------+--------+--------+--------+--------+-----+--------+
         Total |   6697 |   6697 |      0 |      0 |   5195 |   8 |  837.1 |
       Dungeon |   6217 |   6217 |      0 |      0 |   4780 |   7 |  888.1 |
        Temple |    480 |    480 |      0 |      0 |    415 |   1 |  480.0 |
               +--------+--------+--------+--------+--------+-----+--------+

Top non-repeatable levels by time:
     D:4: 1997 daAuts
     D:5: 1497 daAuts
     D:2: 1046 daAuts
     D:1: 906 daAuts
     D:3: 546 daAuts
  Temple: 480 daAuts
     D:6: 209 daAuts
     D:7: 12 daAuts
